 Dungeon Crawl Stone Soup version 0.29.0-4-gdea44cf6ec (webtiles) character file.

Game seed: 327749192012392900

67 qw the Chopper (level 4, 0/26 HPs)
             Began as a Tengu Warper on Aug 28, 2022.
             Slain by Natasha (9 damage)
             ... on level 2 of the Dungeon.
             The game lasted 00:00:07 (1888 turns).

qw the Chopper (Tengu Warper)                       Turns: 1888, Time: 00:00:07

Health: 0/26       AC:  3    Str: 12 (13) XL:     4   Next: 16%
Magic:  8/8        EV: 11    Int: 11 (14) God:
Gold:   69         SH:  0    Dex: 11 (13) Spells: 7/7 levels left

rFire   . . .      SeeInvis .   Y - +1 hand axe
rCold   . . .      Faith    .   (no shield)
rNeg    . . .      Spirit   .   b - +0 leather armour
rPois   .          Reflect  .   (helmet restricted)
rElec   .          Harm     .   (no cloak)
rCorr   .          Rampage  .   (no gloves)
Will    .....                   (boots unavailable)
Stlth   +.........              (no amulet)
HPRegen 0.08/turn               (no ring)
MPRegen 0.11/turn               (no ring)

@: slowed, very slow
A: beak, talons 3
a: no special abilities


You were on level 2 of the Dungeon.
You visited 1 branch of the dungeon, and saw 2 of its levels.

You collected 69 gold pieces.


Innate Abilities, Weirdness & Mutations

You have a beak for a mouth.
You have claws for feet.


   Skills:
 - Level 2.0 Fighting
 + Level 4.7 Axes
 - Level 1.0 Throwing
 - Level 1.1 Armour
 - Level 2.1 Dodging
 - Level 2.0 Spellcasting
 - Level 2.4 Translocations


You had 7 spell levels left.
You didn't know any spells.
Your spell library contained the following spells:

 Spells                   Type           Power      Damage    Failure   Level
 Blink                    Tloc           12%        N/A       22%         2
 Gell's Gravitas          Tloc           6%         N/A       38%         3
 Lesser Beckoning         Tloc           6%         N/A       38%         3
 Teleport Other           Tloc           6%         N/A       38%         3
 Manifold Assault         Tloc           6%         N/A       98%         5

Inventory:

Hand Weapons
 d - a +0 mace
 Y - a +1 hand axe (weapon)
Armour
 b - a +0 leather armour (worn)
 j - a +0 scale mail
Scrolls
 f - a scroll of teleportation
 i - a scroll of magic mapping {unknown}
Potions
 a - a potion of curing {unknown}
 c - a potion of haste {unknown}
 e - 2 potions of cancellation {unknown}
 g - a potion of berserk rage {unknown}
 h - a potion of resistance {unknown}

Dungeon Overview and Level Annotations

Branches:
Dungeon (2/15)

Altars:

Annotations:
D:2 Natasha


Message History

The quokka bites you.
You barely miss the quokka.
The quokka is almost dead.
The quokka bites you but does no damage.
You barely miss the quokka. Your kick misses the quokka.
The quokka is almost dead.
The quokka bites you. x2
You barely miss the quokka. You claw the quokka.
You kill the quokka!
You start resting.
HP restored.
You see here a quokka corpse.
Natasha, Servant of Life and Death comes into view.
Enter note: Natasha stares at you and mumbles some strange words.
You resist with some effort. Natasha casts a spell at you.
You feel yourself slow down.
You completely miss Natasha. Natasha closely misses you.
You hit Natasha.
Natasha is lightly wounded.
Natasha closely misses you. Natasha barely misses you.
You miss Natasha.
Natasha is lightly wounded.
Natasha stares at you and mumbles some strange words.
You feel as though you will be slow longer.
You barely miss Natasha. Your kick misses Natasha.
Natasha is lightly wounded.
Natasha claws you. x2
You closely miss Natasha.
Natasha is lightly wounded.
Natasha completely misses you. Natasha claws you.
You hit Natasha. You claw Natasha. Your peck misses Natasha.
Natasha is severely wounded.
Natasha claws you.
You barely miss Natasha. You claw Natasha. Your peck misses Natasha.
Natasha is almost dead.
Natasha claws you!
You die...

..... #...#######
..... ##.........
... ########## ...
... #.# # #.# # #h#
# ## .#@# # .. #.#.#
# ###.##.##.#.# #
... ...#.#.# #######
##.##..#.#.# .......
......#.#.#
##############
#..#..#.#.# #......#
#
#..#....#.###.####.#
# #..##.#.#.....#
#.# #


You could see Natasha.

Vanquished Creatures
  Natasha (D:2)
  2 adders (D:2)
  A dart slug (D:2)
  4 ball pythons
  3 bats (D:1)
  A giant cockroach (D:1)
  4 goblins
  2 hobgoblins (D:2)
  A quokka (D:2)
  2 frilled lizards (D:1)
  A rat (D:1)
22 creatures vanquished.

Notes
Turn   | Place    | Note
-------+----------+-------------------------------------------
     0 | D:1      | qw the Tengu Warper began the quest for the Orb.
     0 | D:1      | Reached XP level 1. HP: 12/12 MP: 4/4
     0 | D:1      | 0 ||| qw: Version: 0.1-a-89-g26bdef1
     0 | D:1      | 0 ||| qw: Game counter: 2763
     0 | D:1      | 0 ||| qw: Always use a shield: true
     0 | D:1      | 0 ||| qw: God list: Okawaru
     0 | D:1      | 0 ||| qw: Allow faded altars: false
     0 | D:1      | 0 ||| qw: Do Orc after D:15 true
     0 | D:1      | 0 ||| qw: Do second Lair branch before Depths: true
     0 | D:1      | 0 ||| qw: Lair rune preference: random
     0 | D:1      | 0 ||| qw: Plans: Normal
     0 | D:1      | 0 ||| PLANNING D:1-11
   270 | D:1      | Found a faded altar of an unknown god.
   353 | D:1      | 353 ||| Stepping ~*~*~tactically~*~*~ (stealth).
   364 | D:1      | Reached XP level 2. HP: 17/17 MP: 6/6
   368 | D:1      | Reached skill level 3 in Axes
   748 | D:1      | 748 ||| READING scroll labelled SEPSUD ILAILI.
   751 | D:1      | 751 ||| READING scroll labelled LUUSCH LEJIG.
   752 | D:1      | 752 ||| READING scroll labelled MIREMP QI HOGO.
   753 | D:1      | 753 ||| READING scroll labelled EMIPUH ITYBUOL.
   754 | D:1      | 754 ||| DRINKING 2 fizzy pink potions.
   755 | D:1      | 755 ||| DRINKING 2 murky yellow potions.
   756 | D:1      | 756 ||| DRINKING 2 clear potions.
   857 | D:1      | 857 ||| DROPPING scroll of blinking.
   858 | D:1      | 858 ||| DROPPING potion of degeneration.
   859 | D:1      | 859 ||| DROPPING potion of flight.
   860 | D:1      | 860 ||| DROPPING potion of ambrosia.
   889 | D:2      | 889 ||| STAIRDANCE
  1068 | D:2      | 1068 ||| Stepping ~*~*~tactically~*~*~ (hiding).
  1174 | D:2      | Reached XP level 3. HP: 13/21 MP: 7/7
  1326 | D:2      | Noticed Natasha
  1329 | D:2      | Killed Natasha
  1330 | D:2      | Reached skill level 4 in Axes
  1443 | D:2      | 1443 ||| DROPPING +0 club.
  1721 | D:2      | Reached XP level 4. HP: 26/26 MP: 8/8
  1878 | D:2      | Noticed Natasha
  1888 | D:2      | Slain by Natasha

Levels and vault maps discovered:
D:1:      giann_wishing_wells, layout_loops_ring,
          hellmonk_ecumenical_altar_heavens_door, hangedman_decor_points
D:2:      layout_basic, uniq_natasha

Skill      XL: |  1  2  3 |
---------------+----------+-----
Axes           | 3 4 |  4.7
Fighting       | |  2.0
Throwing       | |  1.0
Armour         | |  1.1
Dodging        | |  2.1
Spellcasting   | |  2.0
Translocations | |  2.4

Action                   |  1- 3 |  4- 6 || total
-------------------------+-------+-------++-------
Melee: Hand axe          |    41 |    16 ||    57
       Kick              |    11 |     3 ||    14
       Peck              |     9 |       ||     9
Throw: Boomerang         |     7 |       ||     7
  Use: Scroll            |     4 |       ||     4
       Potion            |     3 |       ||     3
Armor: Leather armour    |     9 |     2 ||    11
Dodge: Dodged            |    27 |     9 ||    36

Table legend:
 A = Non-vault XP
 B = Vault XP
 C = Vault XP percentage of total XP
 D = Non-vault monster count
 E = Vault monster count
 F = Vault count percentage of total count
                 A         B        C        D         E       F
            +---------+---------+-------+---------+---------+-------
      Total |      60 |      36 |  37.5 |      21 |       1 |   4.5
            +---------+---------+-------+---------+---------+-------
        D:1 |      20 |       0 |   0.0 |      13 |       0 |   0.0
        D:2 |      40 |      36 |  47.4 |       8 |       1 |  11.1
            +---------+---------+-------+---------+---------+-------
